 Dungeon Crawl Stone Soup version 0.28-a0-691-gad6df49e81 (webtiles) character file.

Game seed: 4762017957231184121

596 Rocko1345 the Skirmisher (level 7, -17/61 HPs)
             Began as a Red Draconian Chaos Knight on Oct 22, 2021.
             Was a Plaything of Xom.
             Demolished by a two-headed ogre (29 damage)
             ... on level 5 of the Dungeon.
             The game lasted 00:20:47 (4439 turns).

Rocko1345 the Skirmisher (DrCK)                     Turns: 4439, Time: 00:20:49

Health: -17/61     AC:  6    Str: 15    XL:     7   Next: 17%
Magic:  9/10       EV: 13    Int: 20    God:    Xom [...*..]
Gold:   223        SH:  0    Dex: 12    Spells: 8/11 levels left

rFire   + . .      SeeInvis .   a - +0 falchion (chaos)
rCold   . . .      Faith    .   (no shield)
rNeg    . . .      Spirit   .   (armour unavailable)
rPois   .          Reflect  .   (helmet restricted)
rElec   +          Harm     .   (no cloak)
rCorr   .          Rampage  .   (no gloves)
Will    .....      Clarity  +   (no boots)
Stlth   +++.......              (no amulet)
HPRegen 0.20/turn               d - +6 ring of intelligence
MPRegen 0.12/turn               m - ring of flight

@: flying
A: breathe fire, AC +6, unfitting armour, fire resistance 1, cold-blooded, beak,
claws 1, hooves 1, horns 1, thin skeletal structure 1, clarity, low mp 1,
electricity resistance
a: Breathe Fire, Renounce Religion


You were on level 5 of the Dungeon.
You worshipped Xom.
You were a favourite toy of Xom.
You visited 1 branch of the dungeon, and saw 5 of its levels.

You collected 223 gold pieces.

Inventory:

Hand Weapons
 a - a +0 falchion of chaos (weapon)
Missiles
 e - 2 atropa-tipped darts
 p - 2 boomerangs
Jewellery
 d - a +6 ring of intelligence (left claw)
 m - a ring of flight (right claw)
 t - a +4 ring of slaying
Scrolls
 b - 4 scrolls of teleportation
 c - 2 scrolls of blinking {unknown}
 f - a scroll of fog
 k - a scroll of amnesia {unknown}
 n - a scroll of vulnerability {unknown}
 q - a scroll of noise {unknown}
 r - a scroll of silence {unknown}
Potions
 g - 2 potions of might
 h - a potion of magic
 i - a potion of berserk rage {unknown}
 j - a potion of mutation {unknown}
 l - 3 potions of lignification {unknown}
 o - a potion of attraction {unknown}
 s - a potion of degeneration {unknown}


   Skills:
 * Level 5.3 Fighting
 + Level 4.8 Long Blades
 * Level 3.5 Dodging
 - Level 1.0 Stealth
 * Level 2.8 Spellcasting
 * Level 2.0 Conjurations
 + Level 0.1 Poison Magic


You had 8 spell levels left.
You knew the following spells:

 Your Spells              Type           Power      Damage    Failure   Level
a - Mephitic Cloud        Conj/Pois/Air  5%         N/A       32%         3

Your spell library contained the following spells:

 Spells                   Type           Power      Damage    Failure   Level
 Slow                     Hex            2%         N/A       22%         2
 Ignite Poison            Fire/Tmut/Pois 3%         N/A       38%         3
 Confusing Touch          Hex            2%         N/A       41%         3
 Vampiric Draining        Necr           1%         2d6       41%         3
 Freezing Cloud           Conj/Ice/Air   2%         6-21      97%         5


Dungeon Overview and Level Annotations

Branches:
Dungeon (5/15)
 Temple: D:4-7

Altars:
Ashenzari
Gozag
Okawaru
Sif Muna
Xom

Shops:
D:3 [


Innate Abilities, Weirdness & Mutations

You can breathe blasts of fire.
Your fiery red scales are hard. (AC +6)
You cannot fit into any form of body armour.
Your flesh is heat resistant. (rF+)
You are cold-blooded and may be slowed by cold attacks.
You have a beak for a mouth.
You have sharp fingernails.
You have large cloven feet.
You have a pair of small horns on your head.
You have a somewhat thin skeletal structure. (Dex +2, Stealth+)
You possess an exceptional clarity of mind.
Your magical capacity is low. (-10% MP)
You are resistant to electric shocks. (rElec)


Message History

You miscast Mephitic Cloud.
You are very lightly contaminated with residual magic.
Nothing appears to happen.
You hit the two-headed ogre. You freeze the two-headed ogre.
You tail-slap the two-headed ogre.
The two-headed ogre is moderately wounded.
The two-headed ogre misses you.
The two-headed ogre hits you with a +0 giant club!
You see here 20 stones.
Your magical contamination has completely faded away. "Heh heh heh..."
The phantom looks rather confused.
The two-headed ogre looks rather confused.
You hit the two-headed ogre. You burn the two-headed ogre.
You kick the two-headed ogre, but do no damage.
The two-headed ogre is moderately wounded.
The two-headed ogre barely misses you.
The two-headed ogre hits you with a +0 giant club!!
You catch the helpless two-headed ogre completely off-guard!
You slash the two-headed ogre! You kick the two-headed ogre.
The two-headed ogre is moderately wounded.
The phantom seems less confused.
You hit the two-headed ogre but do no damage.
The two-headed ogre is moderately wounded.
You have got your breath back.
You completely miss the two-headed ogre.
You kick the two-headed ogre.
You headbutt the two-headed ogre, but do no damage.
You tail-slap the two-headed ogre, but do no damage.
The two-headed ogre is heavily wounded.
The phantom hits you.
You closely miss the phantom. Your headbutt misses the phantom.
Your peck misses the phantom.
The phantom is severely damaged.
The phantom hits you but does no damage.
The two-headed ogre hits you with a +0 giant club!
* * * LOW HITPOINT WARNING * * *
The two-headed ogre hits you with a +0 giant club!!
You die...
Xom laughs nastily!

#.........# #.# #.####8......
......... #.# #....##......
....... #.# #.######8....
[.... #.# #.# ##.... ...
#.####.########8.8 # #.#
#............###+#
#.#.########..###.#####.##...
#..(.........O# #.# #|##.#.
...............W@##
#.#####.##.#.
###.##############
##............ ..
#........##.## ##
#.†######..... #.........#.##
#.#######...# #.# #.###
#.#######.#### #.#...........


You could see a two-headed ogre (confused) and a phantom.

Vanquished Creatures
  A phantom (D:4)
  A scorpion (D:5)
  A centaur zombie (D:4)
  2 bullfrog zombies (D:5)
  2 hounds (D:5)
  A centaur skeleton (D:4)
  An iguana (D:4)
  2 orc wizards (D:3)
  A hound skeleton (D:2)
  3 gnolls (D:3)
  7 adders
  An adder skeleton (D:4)
  A worm (D:2)
  2 dart slugs
  3 orcs
  8 ball pythons
  4 bats
  7 endoplasms
  3 giant cockroaches
  5 goblins
  6 hobgoblins
  5 jackals
  3 quokkas
  2 frilled lizards (D:1)
  6 kobolds
  3 rats
81 creatures vanquished.

Vanquished Creatures (collateral kills)
  A gnoll (D:3)
  A dart slug (D:3)
  An orc (D:3)
3 creatures vanquished.

Grand Total: 84 creatures vanquished

Notes
Turn   | Place    | Note
-------+----------+-------------------------------------------
     0 | D:1      | Rocko1345 the Draconian Chaos Knight began the quest for
                  | the Orb.
     0 | D:1      | Reached XP level 1. HP: 19/19 MP: 1/1
     7 | D:1      | XOM: silly message
    13 | D:1      | XOM: polymorph hobgoblin -> quokka
   132 | D:1      | Reached XP level 2. HP: 26/26 MP: 2/2
   252 | D:1      | XOM: scenery: create altars
   572 | D:2      | Reached XP level 3. HP: 11/33 MP: 3/3
   910 | D:2      | XOM: give mutations
   910 | D:2      | Gained mutation: Your spells are a little harder to cast,
                  | but a little more powerful. [Xom's grace]
   910 | D:2      | Gained mutation: You possess an exceptional clarity of
                  | mind. [Xom's grace]
   944 | D:2      | XOM: 2-stop teleportation journey
  1191 | D:2      | Reached skill level 4 in Fighting
  1196 | D:2      | Reached XP level 4. HP: 36/40 MP: 3/5
  1197 | D:2      | Reached skill level 1 in Spellcasting
  1203 | D:2      | Learned a level 3 spell: Mephitic Cloud
  1274 | D:2      | XOM: give mutations
  1274 | D:2      | Gained mutation: You are resistant to electric shocks.
                  | (rElec) [Xom's grace]
  1274 | D:2      | Gained mutation: You have a somewhat thin skeletal
                  | structure. (Dex +2, Stealth+) [Xom's grace]
  1371 | D:2      | XOM: give mutations
  1371 | D:2      | Gained mutation: You have sharp fingernails. [Xom's grace]
  1371 | D:2      | Gained mutation: You have large cloven feet. [Xom's grace]
  1371 | D:2      | Gained mutation: You have hidden genetic potential. [Xom's
                  | grace]
  1436 | D:3      | XOM: 2-stop teleportation journey
  1512 | D:3      | Found Ruol's Antique Armour Boutique.
  1669 | D:3      | XOM: cast spell 'Monstrous Menagerie'
  1818 | D:3      | Reached XP level 5. HP: 36/47 MP: 2/6
  1833 | D:3      | Gained mutation: You have a beak for a mouth. [hidden
                  | potential]
  1905 | D:3      | XOM: god gift: scroll labelled RORHONUARUU {god gift}
  1949 | D:3      | Found a faded altar of an unknown god.
  2188 | D:3      | XOM: 1-stop teleportation journey
  2346 | D:3      | XOM: summons 4 friendly demons
  2349 | D:3      | Reached skill level 1 in Conjurations
  2653 | D:3      | XOM: silly message
  3136 | D:4      | Reached XP level 6. HP: 55/55 MP: 9/9
  3228 | D:4      | Gained mutation: Your tail ends in a poisonous barb.
                  | [hidden potential]
  3228 | D:4      | Lost mutation: You have hidden genetic potential. [hidden
                  | potential expressed]
  3393 | D:4      | Reached skill level 1 in Stealth
  3399 | D:4      | Found a shimmering blue altar of Sif Muna.
  3493 | D:4      | Found an opulent altar of Gozag.
  3605 | D:4      | Reached skill level 5 in Fighting
  3631 | D:4      | XOM: give mutations
  3631 | D:4      | Lost mutation: Your spells are a little harder to cast, but
                  | a little more powerful. [Xom's mischief]
  3631 | D:4      | Gained mutation: You have a pair of small horns on your
                  | head. [Xom's mischief]
  3631 | D:4      | Gained mutation: Your magical capacity is low. (-10% MP)
                  | [Xom's mischief]
  3631 | D:4      | Lost mutation: Your tail ends in a poisonous barb. [Xom's
                  | mischief]
  3892 | D:5      | Entered Level 5 of the Dungeon
  4084 | D:5      | XOM: cloud trail
  4152 | D:5      | Found an iron altar of Okawaru.
  4182 | D:5      | Your scales start taking on a fiery red colour.
  4182 | D:5      | Reached XP level 7. HP: 56/61 MP: 9/9
  4182 | D:5      | Gained mutation: Your flesh is heat resistant. (rF+) [Red
                  | Draconian growth]
  4184 | D:5      | Found a broken altar of Ashenzari.
  4185 | D:5      | XOM: 2-stop teleportation journey
  4418 | D:5      | Noticed a two-headed ogre
  4431 | D:5      | XOM: confuse monster(s)
  4439 | D:5      | Demolished by a two-headed ogre

Illustrated notes

Levels and vault maps discovered:
D:1:      ebering_hopf_link, layout_rooms
D:2:      layout_loops_ring
D:3:      layout_basic, dilly_ecumenical_altar_fadedgnrine, serial_shops, shop
D:4:      layout_basic, mainiacjoe_overflow_large_starburst
D:5:      layout_loops_ring, okawaru_trees_2, amcnicky_altar_gilded,
          dk_noncrumbling_4

Skill      XL: |  1  2  3  4  5  6  7 |
---------------+----------------------+-----
Fighting       | 4 5 |  5.3
Spellcasting   | 1 2 |  2.8
Long Blades    | 4 |  4.8
Dodging        | 3 |  3.5
Conjurations   | 1 2 |  2.0
Stealth        | 1 |  1.0
Poison Magic   | |  0.1

Action                   |  1- 3 |  4- 6 |  7- 9 || total
-------------------------+-------+-------+-------++-------
Melee: Falchion          |    74 |   117 |    19 ||   210
       Tailslap          |    10 |     8 |     4 ||    22
       Kick              |       |    30 |     5 ||    35
       Peck              |       |    11 |     3 ||    14
       Headbutt          |       |     4 |     4 ||     8
 Cast: Mephitic Cloud    |       |     2 |       ||     2
 Abil: Breathe Fire      |       |       |     3 ||     3
  Use: Scroll            |       |     4 |       ||     4
 Stab: Sleeping          |     1 |     3 |     1 ||     5
       Distracted        |       |     1 |       ||     1
       Confused          |       |       |     1 ||     1
Armor: Skin              |    29 |    39 |     7 ||    75
Dodge: Dodged            |    58 |    83 |    11 ||   152

Table legend: (Time is in decaauts)
 A = Elapsed time spent in this place.
 B = Non-inter-level travel time spent in this place.
 C = Inter-level travel time spent in this place.
 D = Time resting spent in this place.
 E = Time spent auto-exploring this place.
 F = Levels seen in this place.
 G = Mean time per level.
                   A        B        C        D        E       F      G
               +--------+--------+--------+--------+--------+-----+--------+
         Total |   4460 |   4325 |    135 |    748 |   2129 |   5 |  892.0 |
       Dungeon |   4460 |   4325 |    135 |    748 |   2129 |   5 |  892.0 |
               +--------+--------+--------+--------+--------+-----+--------+

Top non-repeatable levels by time:
     D:3: 1422 daAuts
     D:4: 1047 daAuts
     D:2: 880 daAuts
     D:1: 561 daAuts
     D:5: 549 daAuts
